 Dungeon Crawl Stone Soup version 0.27-a0-681-g0c81a3c1c3 (webtiles) character file.

Game seed: 14219357576257802666

223 funkygono the Bolt Thrower (level 5, -10/45 HPs)
             Began as a Minotaur Hunter on Mar 19, 2021.
             Was an Initiate of Okawaru.
             Mangled by an ogre
             ... wielding a +0 giant club
              (24 damage)
             ... on level 4 of the Dungeon.
             The game lasted 00:07:00 (3248 turns).

funkygono the Bolt Thrower (Minotaur Hunter)        Turns: 3248, Time: 00:07:01

Health: -10/45     AC:  5    Str: 17    XL:     5   Next: 66%
Magic:  4/4        EV: 11    Int:  8    God:    Okawaru [......]
Gold:   93         SH:  0    Dex: 11    Spells: 4/4 levels left

rFire    . . .     SeeInvis .   a - +0 whip
rCold    . . .     Faith    .   (no shield)
rNeg     . . .     Spirit   .   k - +0 ring mail
rPois    .         Reflect  .   c - +0 hat
rElec    .         Harm     .   (no cloak)
rCorr    .         Rampage  .   (no gloves)
Will     .....                  (no boots)
Stlth    +.........             (no amulet)
HPRegen  0.15/turn              (no ring)
MPRegen  0.09/turn              (no ring)

@: no status effects
A: horns 2, retaliatory headbutt
a: Renounce Religion


You were on level 4 of the Dungeon.
You worshipped Okawaru.
Okawaru was noncommittal.
You visited 1 branch of the dungeon, and saw 4 of its levels.

You collected 93 gold pieces.

Inventory:

Hand Weapons
 a - a +0 whip (weapon)
 b - a +1 hand crossbow
 e - a +0 short sword
 g - a +0 club
Missiles
 d - 4 bolts
Armour
 c - a +0 hat (worn)
 k - a +0 ring mail (worn)
Scrolls
 i - 2 scrolls of teleportation
Potions
 f - 2 potions of brilliance {unknown}


   Skills:
 * Level 3.6 Fighting
 * Level 1.8 Maces & Flails
 + Level 6.0 Crossbows
 * Level 2.5 Armour
 * Level 3.1 Dodging
 - Level 0.7 Stealth


You had 4 spell levels left.
You didn't know any spells.
Your spell library was empty.

Dungeon Overview and Level Annotations

Branches:
Dungeon (4/15)
 Temple: D:4-7

Altars:
Okawaru
Qazlal
Vehumet
Yredelemnul

Shops:
D:3 *


Innate Abilities, Weirdness & Mutations

You have a pair of horns on your head.
You reflexively headbutt those who attack you in melee.


Message History

Press: ? - help, Q - select action Shift-Dir - straight line, f - hound
Aim: a hound (54% to hit)
You shoot a bolt. The bolt barely misses the hound.
The bolt hits the ogre!
The ogre is moderately wounded.
A white imp comes into view.
Fire: 6 bolts
Press: ? - help, Q - select action Shift-Dir - straight line, f/p - hound
Aim: a hound (54% to hit)
You shoot a bolt. The white imp shouts!
The bolt hits the hound!
The hound is severely wounded.
Fire: 5 bolts
Press: ? - help, Q - select action Shift-Dir - straight line, f/p - hound
Aim: a hound (severely wounded, 54% to hit)
You shoot a bolt. The bolt hits the hound.
The hound is almost dead.
The hound bites you but does no damage. The hound bites you but does no damage.
The white imp gestures at you. The puff of frost hits you.
There is a stone staircase leading up here.
a - a +0 whip (weapon)
The hound barely misses you. The white imp gestures at you.
The puff of frost hits you!
You closely miss the hound. You headbutt the hound.
You kill the hound!
Okawaru accepts your kill.
Your Crossbows skill increases to level 6!
The ogre barely misses you.
A leopard gecko comes into view.
There is a stone staircase leading up here.
You closely miss the ogre.
The ogre is moderately wounded.
The leopard gecko hisses angrily.
The ogre hits you with a +0 giant club!!
The ogre hits you with a +0 giant club!!
Ouch! That really hurt!
You die...

... .. ....
..(###.####..#
#..(.#.......#
#.?.l....#...
...(.(...#
#.....##
##..5...#
##.....O.#
#.......@.#
#.........#
......######
...... ..##:.
## #..


You could see an ogre, a white imp and a leopard gecko.

Vanquished Creatures
  2 hounds (D:4)
  An orc wizard (D:3)
  4 adders
  3 worms
  5 dart slugs
  A leopard gecko (D:4)
  4 orcs (D:3)
  2 giant cockroaches
  10 hobgoblins
  4 jackals
  4 quokkas
  3 ball pythons
  9 bats
  5 frilled lizards
  8 goblins
  10 kobolds
  10 rats
85 creatures vanquished.

Vanquished Creatures (others)
  4 plants (D:3)
4 creatures vanquished.

Grand Total: 89 creatures vanquished

Notes
Turn   | Place    | Note
-------+----------+-------------------------------------------
     0 | D:1      | funkygono the Minotaur Hunter began the quest for the Orb.
     0 | D:1      | Reached XP level 1. HP: 18/18 MP: 0/0
    61 | D:1      | Reached XP level 2. HP: 17/25 MP: 1/1
    79 | D:1      | Reached skill level 5 in Crossbows
   752 | D:1      | Reached XP level 3. HP: 14/30 MP: 2/2
  1263 | D:2      | Reached skill level 1 in Armour
  1672 | D:2      | Reached XP level 4. HP: 37/37 MP: 3/3
  2292 | D:3      | Reached skill level 1 in Maces & Flails
  2447 | D:3      | Found an iron altar of Okawaru.
  2449 | D:3      | Found a basalt altar of Yredelemnul.
  2457 | D:3      | Became a worshipper of Warmaster Okawaru
  2518 | D:3      | Found a stormy altar of Qazlal.
  2630 | D:3      | Reached XP level 5. HP: 34/45 MP: 4/4
  2787 | D:3      | Found Void's Assorted Antiques.
  3131 | D:3      | Found a radiant altar of Vehumet.
  3237 | D:4      | Noticed an ogre
  3246 | D:4      | Reached skill level 6 in Crossbows
  3248 | D:4      | Mangled by an ogre

Illustrated notes

Levels and vault maps discovered:
D:1:      minmay_arrival_radiant_lines, layout_loops_ring, minmay_pentomino_q4
D:2:      layout_loops_ring, lightli_corner_chamber
D:3:      layout_loops_ring, nicolae_overflow_crystal_walls,
          lemuel_coloured_pillars_altar, minitemple, serial_shops,
          nicolae_shop_overgrown_old_shop
D:4:      layout_cave_pools, gammafunk_temple_overflow_claw

Skill      XL: |  1  2  3  4  5 |
---------------+----------------+-----
Crossbows      | 5 6 |  6.0
Armour         | 1 2 |  2.5
Fighting       | 3 |  3.6
Maces & Flails | 1 |  1.8
Dodging        | 3 |  3.1
Stealth        | |  0.7

Action                   |  1- 3 |  4- 6 || total
-------------------------+-------+-------++-------
Melee: Short sword       |    12 |       ||    12
       Headbutt          |     5 |     6 ||    11
       Club              |    49 |     2 ||    51
       Whip              |       |    57 ||    57
 Fire: Hand crossbow     |    55 |    62 ||   117
  Use: Scroll            |     5 |     1 ||     6
       Potion            |       |     1 ||     1
Armor: Leather armour    |    15 |     9 ||    24
       Ring mail         |       |    13 ||    13
Dodge: Dodged            |    47 |    34 ||    81

Table legend: (Time is in decaauts)
 A = Elapsed time spent in this place.
 B = Non-inter-level travel time spent in this place.
 C = Inter-level travel time spent in this place.
 D = Time resting spent in this place.
 E = Time spent auto-exploring this place.
 F = Levels seen in this place.
 G = Mean time per level.
                   A        B        C        D        E       F      G
               +--------+--------+--------+--------+--------+-----+--------+
         Total |   3261 |   3197 |     64 |      0 |   2634 |   4 |  815.2 |
       Dungeon |   3261 |   3197 |     64 |      0 |   2634 |   4 |  815.2 |
               +--------+--------+--------+--------+--------+-----+--------+

Top non-repeatable levels by time:
     D:1: 1186 daAuts
     D:3: 1048 daAuts
     D:2: 1009 daAuts
     D:4: 17 daAuts
